Map: [TLMC19] Amphion

Players

ByuN

  • Race: Terran Terran
  • Spawn Location: 11:00

DKZDark (Dark) - Winner!

  • Race: Zerg Zerg
  • League: Master
  • Spawn Location: 7:00

VOD

Have the link to the VOD?

Description

Time

  • Played on: Dec. 22, 2023, 8:37 a.m.
  • Length: 14:18
Show
View Real Time Build Order
Export as new Build Order

ByuN Terran 

Build Orders: Hellion Banshee 

Get SALT Encoding   

  12  0:00  SCV  
  13  0:12  SCV  
  14  0:17  Supply Depot  
  14  0:24  SCV  
  15  0:39  SCV, Barracks  
  16  0:43  Refinery  
  16  0:51  SCV  
  17  1:03  SCV  
  18  1:15  SCV  
  19  1:29  Orbital Command  
  20  1:37  Command Center  
  20  1:39  Marine  
  20  1:50  Factory  
  20  1:54  SCV  
  21  2:02  Barracks Reactor  
  21  2:04  Refinery  
  21  2:06  SCV  
  22  2:11  Supply Depot  
  22  2:18  SCV  
  23  2:33  SCV  
  23  2:34  Hellion  
  23  2:35  Starport  
  26  2:39  Marine  
  26  2:40  Marine  
  28  2:45  SCV  
  28  2:50  Orbital Command  
  29  2:58  Marine  
  32  3:00  SCV, Marine  
  32  3:03  Hellion  
  34  3:11  Medivac  
  37  3:15  SCV  
  37  3:16  SCV  
  37  3:17  Marine  
  37  3:18  Marine  
  40  3:24  Supply Depot  
  40  3:25  Factory Tech Lab  
  40  3:28  SCV  
  40  3:29  SCV  
  42  3:40  SCV  
  44  3:41  Supply Depot, SCV  
  44  3:52  SCV  
  44  3:53  SCV  
  46  3:56  Cloaking Field, Banshee  
  46  4:04  SCV  
  46  4:05  SCV  
  46  4:09  Hellion  
  46  4:10  Hellion  
  46  4:16  SCV  
  46  4:17  Supply Depot, SCV  
  49  4:28  SCV  
  49  4:29  SCV  
  49  4:30  Hellion  
  48  4:34  Hellion  
  50  4:43  Supply Depot, SCV x2  
  52  4:48  Armory  
  52  4:50  Supply Depot  
  52  4:55  Hellion  
  54  5:04  SCV, Banshee  
  54  5:05  SCV, Hellion  
  61  5:14  Supply Depot  
  61  5:17  SCV x2  
  63  5:22  Barracks Tech Lab  
  63  5:29  SCV x2  
  63  5:30  Hellion x2  
  69  5:41  SCV x2  
  71  5:46  Command Center  
  71  5:51  Hellion  
  71  5:53  SCV  
  74  6:02  Hellion  
  73  6:05  Hyperflight Rotors, SCV  
  73  6:10  Banshee  
  68  6:13  Refinery, Hellion  
  68  6:14  SCV, Refinery  
  68  6:17  SCV  
  68  6:19  Hellion x3  
  68  6:20  Factory  
  68  6:21  Factory  
  68  6:22  Terran Vehicle Weapons Level 1  
  68  6:23  Hellion  
  70  6:27  SCV  
  70  6:30  SCV  
  72  6:34  Hellion  
  72  6:35  Factory  
  72  6:37  Factory  
  72  6:39  SCV  
  75  6:43  SCV  
  76  6:51  Hellion  
  78  6:58  SCV x2, Hellion, Banshee  
  85  7:02  SCV  
  86  7:10  SCV x2  
  86  7:11  Cyclone  
  86  7:12  Hurricane Engines, Factory Tech Lab  
  90  7:15  Orbital Command  
  90  7:22  SCV, Hellion  
  93  7:23  Factory Reactor  
  93  7:27  Supply Depot, Factory Reactor  
  93  7:29  Supply Depot x3  
  93  7:30  Infernal Pre-Igniter  
  93  7:39  Engineering Bay  
  93  7:40  Supply Depot  
  93  7:48  Banshee  
  93  7:49  SCV x3, Hellion  
  93  7:50  Cyclone x3  
  107  7:57  Supply Depot  
  107  7:59  Supply Depot  
  107  8:01  SCV x2  
  107  8:04  Cyclone x2  
  113  8:07  Cyclone  
  115  8:13  Cyclone  
  115  8:14  SCV x3  
  115  8:16  Refinery  
  115  8:18  Terran Vehicle Weapons Level 2  
  120  8:21  Supply Depot  
  120  8:26  Cyclone  
  122  8:27  Cyclone  
  122  8:32  Cyclone  
  126  8:40  Cyclone  
  120  8:44  Cyclone  
  120  8:45  Cyclone  
  116  8:50  Cyclone  
  118  8:58  SCV x2, Command Center  
  118  8:59  Supply Depot  
  118  9:00  Refinery  
  118  9:01  Supply Depot, SCV  
  123  9:02  Cyclone  
  123  9:04  Supply Depot  
  123  9:10  SCV x2  
  125  9:20  SCV  
  125  9:22  SCV x2  
  128  9:30  Command Center  
  128  9:34  Command Center  
  128  9:36  Siege Tank  
  128  9:38  Siege Tank, Cyclone  
  136  9:40  Cyclone  
  136  9:43  SCV x3  
  141  9:55  SCV  
  141  9:58  SCV x2  
  144  10:01  Armory  
  144  10:07  SCV, Cyclone  
  146  10:08  Siege Tank  
  146  10:10  Siege Tank  
  153  10:21  Cyclone x4  
  156  10:24  SCV x3  
  161  10:30  Orbital Command  
  161  10:36  SCV  
  161  10:37  Terran Vehicle Weapons Level 3, Refinery x2  
  162  10:43  Planetary Fortress  
  162  10:49  Planetary Fortress  
  162  10:50  SCV x3  
  165  11:01  Siege Tank x2  
  171  11:05  Factory  
  171  11:07  Factory  
  171  11:08  SCV  
  171  11:09  SCV x3, Missile Turret  
  171  11:10  Missile Turret  
  175  11:16  Missile Turret  
  174  11:23  Hellion x2  
  174  11:24  Hellion x2  
  182  11:26  Hellion  
  173  11:33  SCV x2, Siege Tank x2  
  173  11:37  SCV x2  
  180  11:45  SCV  
  180  11:46  Missile Turret  
  162  11:49  SCV x2, Banshee  
  162  11:50  Cyclone x5  
  162  11:53  Cyclone  
  169  11:57  Factory Reactor  
  152  12:05  Siege Tank x2  
  158  12:11  SCV x2  
  158  12:14  SCV  
  161  12:17  Refinery  
  161  12:18  Terran Vehicle And Ship Armor Level 1  
  161  12:23  Command Center  
  161  12:28  Sensor Tower  
  161  12:30  Factory Reactor  
  161  12:35  Cyclone  
  161  12:36  Cyclone x7  
  177  12:37  Siege Tank  
  177  12:39  Cyclone  
  177  12:43  SCV x3, Refinery x2  
  185  12:45  SCV  
  185  12:47  SCV  
  185  12:51  Starport Reactor  
  187  12:55  SCV  
  188  12:58  Command Center  
  188  13:04  SCV x4  
  192  13:07  SCV  
  192  13:08  Cyclone  
  192  13:10  Cyclone x2  
  199  13:15  Factory  
  199  13:16  Factory  
  199  13:18  Hellion x3  
  199  13:19  Cyclone  
  190  13:37  Command Center  
  190  13:39  Command Center  
  190  13:41  Command Center  
  187  13:43  Siege Tank x2  
  143  13:57  SCV x2  
  143  13:58  SCV  
Show
View Real Time Build Order
Export as new Build Order

DKZDark Zerg - Winner!

Build Orders: Hatch First, Lurkers 

Get SALT Encoding   

  12  0:00  Drone  
  13  0:12  Overlord  
  13  0:17  Drone  
  14  0:31  Drone x2  
  16  0:50  Hatchery  
  16  0:55  Drone  
  16  0:57  Drone  
  16  1:00  Drone  
  18  1:11  Extractor  
  18  1:15  Spawning Pool  
  17  1:18  Drone  
  17  1:22  Drone  
  18  1:28  Drone  
  19  1:40  Drone  
  20  1:49  Drone  
  21  2:02  Queen x2  
  21  2:03  Zergling x4  
  27  2:11  Metabolic Boost  
  27  2:16  Overlord  
  27  2:21  Drone  
  28  2:32  Hatchery  
  28  2:34  Drone  
  28  2:40  Drone  
  28  2:41  Drone  
  28  2:42  Drone  
  31  2:49  Queen  
  33  2:54  Overlord  
  33  2:57  Drone  
  34  2:59  Drone  
  34  3:04  Drone  
  36  3:12  Queen  
  38  3:14  Drone x2  
  38  3:16  Overlord  
  41  3:20  Zergling x4  
  41  3:22  Zergling x2  
  41  3:24  Zergling x2  
  44  3:33  Overlord  
  44  3:35  Zergling x6  
  47  3:45  Zergling x12  
  53  3:52  Zergling x6  
  53  3:55  Drone x2  
  58  3:59  Drone  
  59  4:05  Overlord  
  59  4:06  Overlord  
  59  4:09  Drone  
  57  4:16  Overlord  
  57  4:17  Overlord  
  57  4:19  Queen  
  58  4:24  Drone  
  58  4:25  Drone  
  58  4:27  Drone  
  58  4:30  Queen  
  60  4:33  Drone  
  60  4:38  Drone x2  
  62  4:40  Spore Crawler  
  62  4:41  Spore Crawler, Queen  
  62  4:44  Drone  
  63  4:48  Drone, Spore Crawler  
  63  4:49  Drone  
  63  4:51  Drone  
  65  4:53  Drone  
  65  4:54  Drone  
  65  4:57  Drone x2  
  69  5:01  Queen  
  69  5:06  Drone  
  72  5:07  Drone x2  
  72  5:09  Drone  
  72  5:10  Drone  
  72  5:11  Drone  
  72  5:13  Drone  
  78  5:17  Lair  
  78  5:18  Drone  
  78  5:20  Drone  
  80  5:22  Drone x2  
  80  5:26  Drone x2, Extractor  
  80  5:27  Extractor  
  82  5:30  Drone x2  
  82  5:33  Roach Warren, Drone  
  84  5:36  Drone x2  
  86  5:43  Drone  
  87  5:55  Zergling x6, Overlord  
  85  6:09  Drone x8  
  86  6:13  Queen x2  
  86  6:15  Roach  
  93  6:18  Drone  
  93  6:20  Overseer  
  93  6:22  Drone x2  
  95  6:29  Extractor  
  95  6:30  Evolution Chamber  
  95  6:31  Drone x2, Evolution Chamber  
  94  6:33  Extractor  
  94  6:34  Extractor  
  94  6:35  Drone  
  94  6:39  Drone  
  94  6:40  Glial Reconstitution  
  94  6:43  Overlord  
  94  6:45  Roach  
  96  6:47  Hatchery  
  96  6:53  Roach  
  97  6:55  Overlord  
  97  6:58  Overlord x4  
  97  7:01  Zerg Ground Armor Level 1, Zerg Missile Weapons Level 1  
  97  7:05  Roach x3  
  97  7:06  Drone x3  
  97  7:07  Drone  
  106  7:11  Overlord x2  
  106  7:17  Infestation Pit  
  106  7:18  Drone  
  106  7:19  Baneling Nest  
  106  7:21  Drone x2  
  108  7:22  Drone  
  108  7:23  Drone x2  
  108  7:28  Roach  
  108  7:29  Spore Crawler  
  111  7:31  Roach x2  
  111  7:32  Roach  
  111  7:36  Roach x2  
  121  7:43  Drone x5  
  124  7:49  Hatchery  
  123  7:53  Roach x5  
  123  7:58  Hive  
  133  8:03  Centrifugal Hooks  
  133  8:04  Infestor  
  135  8:05  Infestor  
  135  8:08  Zergling x2  
  135  8:09  Zergling x8  
  142  8:14  Zergling x6  
  142  8:15  Zergling x4  
  142  8:18  Zergling x2  
  142  8:19  Zergling x2  
  149  8:24  Hatchery  
  148  8:28  Queen  
  148  8:33  Queen  
  150  8:43  Pneumatized Carapace, Roach x9  
  150  8:46  Overlord  
  166  8:51  Hydralisk Den, Drone  
  166  8:55  Drone x2  
  162  8:58  Drone x2  
  162  8:59  Drone x4  
  162  9:00  Extractor x2  
  162  9:01  Overlord  
  166  9:03  Overlord  
  166  9:07  Zerg Missile Weapons Level 2, Zerg Ground Armor Level 2  
  166  9:10  Spore Crawler x2  
  163  9:23  Grooved Spines  
  160  9:24  Viper  
  160  9:25  Drone  
  160  9:26  Drone x2  
  160  9:31  Viper  
  169  9:40  Spine Crawler  
  169  9:43  Zergling x4  
  169  9:44  Zergling x10  
  174  9:47  Adrenal Glands  
  174  9:53  Hydralisk x6  
  186  10:00  Drone x3  
  186  10:01  Drone x2  
  186  10:03  Extractor x2  
  188  10:09  Lurker Den  
  188  10:11  Zergling x8  
  188  10:12  Zergling x10  
  188  10:13  Muscular Augments  
  194  10:19  Hydralisk x7  
  200  10:24  Overseer  
  200  10:31  Spore Crawler  
  200  10:32  Drone  
  200  10:44  Overlord  
  200  10:59  Hatchery  
  200  11:01  Evolution Chamber  
  200  11:02  Spire  
  200  11:03  Drone  
  197  11:04  Hydralisk  
  197  11:06  Seismic Spines  
  188  11:33  Hydralisk x4  
  188  11:39  Zerg Melee Weapons Level 1  
  180  11:43  Overseer  
  163  11:53  Hydralisk x4  
  161  11:57  Roach x8  
  157  12:03  Adaptive Talons  
  157  12:08  Drone x3, Nydus Network  
  157  12:10  Spine Crawler  
  157  12:13  Lurker x6  
  163  12:21  Drone  
  164  12:24  Zergling x60  
  164  12:26  Drone  
  164  12:27  Spine Crawler  
  164  12:28  Spine Crawler  
  164  12:29  Drone  
  194  12:30  Drone  
  194  12:35  Overlord  
  195  12:44  Greater Spire  
  195  12:45  Spore Crawler, Spire  
  195  12:49  Hatchery  
  192  12:52  Nydus Canal  
  192  12:54  Burrow  
  192  12:55  Overseer  
  190  13:04  Hatchery  
  189  13:06  Drone  
  174  13:20  Zergling x48  
  198  13:30  Baneling x18  
  198  13:33  Hatchery  
  197  13:35  Hatchery  
  197  13:36  Zergling x8  
  199  13:48  Nydus Canal  
  165  14:05  Nydus Canal  
Tags
 
League
Master
Matchup
TvZ
Player
ByuNDark
Replay Pack
December 2023
Spawn Locations
Close Positions
Add a new tag
Caveats
  • Supply blocks, unpowered buildings, or Contaminate may cause inaccurate times.
  • Supply counts are checked every 10 seconds.